 Dungeon Crawl Stone Soup version 0.27-a0-1149-g4505690ab0 (webtiles) character file.

Game seed: 378046228520495337

508 Froggeryz the Cudgeller (level 6, 0/50 HPs)
             Began as a Palentonga Berserker on May 13, 2021.
             Was a Believer of Trog.
             Succumbed to a scorpion's poison
             ... on level 3 of the Dungeon.
             The game lasted 00:03:14 (3390 turns).

Froggeryz the Cudgeller (Palentonga Berserker)      Turns: 3390, Time: 00:03:14

Health: 0/50       AC:  5    Str: 22    XL:     6   Next: 98%
Magic:  6/6        EV:  9    Int:  7    God:    Trog [**....]
Gold:   174        SH:  0    Dex: 10    Spells: 5/5 levels left

rFire    . . .     SeeInvis +   a - +0 mace
rCold    . . .     Faith    .   (no shield)
rNeg     . . .     Spirit   .   e - +0 ring mail
rPois    .         Reflect  .   (no helmet)
rElec    .         Harm     .   (no cloak)
rCorr    .         Rampage  .   (no gloves)
Will     .....                  (no barding)
Stlth    ..........             (no amulet)
HPRegen  0.16/turn              (no ring)
MPRegen  0.10/turn              (no ring)

@: lethally poisoned (0 -> 0), studying Fighting
A: large, rugged brown scales 3, see invisible, deformed body, roll 1, armoured
tail
a: Rolling Charge, Renounce Religion, Berserk, Trog's Hand


You were on level 3 of the Dungeon.
You worshipped Trog.
Trog was pleased with you.
You visited 1 branch of the dungeon, and saw 3 of its levels.

You collected 174 gold pieces.

Inventory:

Hand Weapons
 a - a +0 mace (weapon)
Armour
 e - a +0 ring mail (worn)
Jewellery
 l - a ring of fire
Scrolls
 c - 6 scrolls of identify
 d - a scroll of fog
 g - a scroll of blinking
 h - a scroll of brand weapon
 i - 2 scrolls of vulnerability
Potions
 m - a potion of might {unknown}


   Skills:
 + Level 3.3 Fighting
 * Level 7.9 Maces & Flails
 - Level 1.5 Armour
 - Level 1.5 Dodging


You had 5 spell levels left.
You didn't know any spells.
Your spell library was empty.

Dungeon Overview and Level Annotations

Branches:
Dungeon (3/15)

Altars:


Innate Abilities, Weirdness & Mutations

You are completely covered in rugged brown scales. (AC +3, +7% HP)
You have supernaturally acute eyesight. (SInv)
Armour fits poorly on your strangely shaped body.
You can roll at nearby foes to attack.
You have a long armoured tail.


Message History

The scorpion stings you.
You hit the scorpion.
The scorpion is almost dead.
You feel very sick.
The scorpion stings you but does no damage.
You hit the scorpion but do no damage.
The scorpion is almost dead.
You feel the effects of Trog's Hand fading.
You feel sick. The scorpion barely misses you. The scorpion stings you!
* * * LOW HITPOINT WARNING * * *
You hit the scorpion.
You kill the scorpion!
Trog accepts your kill.
You feel very sick.
Unknown command.
You feel sick.
You feel sick.
You feel sick.
There is a stone staircase leading up here.
You start resting.
Your skin stops crawling.
You feel less strong-willed.
* * * LOW HITPOINT WARNING * * *
You feel sick.
There is a lethal amount of poison in your body!
There is a lethal amount of poison in your body!
It was a potion of flight.
You feel very buoyant.
You fly up into the air.
* * * LOW HITPOINT WARNING * * *
You feel sick.
It was a potion of lignification.
You turn into a tree.
Your +0 ring mail melds into your body.
Your roots penetrate the ground.
* * * LOW HITPOINT WARNING * * *
You feel sick.
It was a potion of cancellation.
Your magical effects are unravelling.
You feel magically purged.
You feel less wooden.
Your +0 ring mail unmelds from your body.
You die...

..###....# #.#
..####.### #.#
###.##.### #.#
...#.....# .###
.P.##....# ..#
..PP.#...######.##
P.PP.#...# ......#
.PPP.#...# ##...##
...##.#### #...@.#
P..#### # #.....#
###.# #.#.†...#
.##.# #......##
###.##########.###
....##...# #.#
###.##...#####.# #
#............# #
##############


There were no monsters in sight!

Vanquished Creatures
  Grinder (D:3)
  An ogre (D:2)
  A scorpion (D:3)
  A hound (D:3)
  Jessica (D:3)
  3 gnolls (D:2)
  An adder (D:2)
  A worm (D:2)
  2 dart slugs
  An orc (D:3)
  7 ball pythons
  6 endoplasms
  2 giant cockroaches (D:1)
  6 goblins
  5 hobgoblins
  4 jackals
  A quokka (D:2)
  8 bats
  3 frilled lizards
  A kobold (D:1)
  13 rats
69 creatures vanquished.

Vanquished Creatures (others)
  2 demonic plants (D:3)
  2 withered plants (D:3)
4 creatures vanquished.

Grand Total: 73 creatures vanquished

Notes
Turn   | Place    | Note
-------+----------+-------------------------------------------
     0 | D:1      | Froggeryz the Palentonga Berserker began the quest for the
                  | Orb.
     0 | D:1      | Reached XP level 1. HP: 19/19 MP: 1/1
   106 | D:1      | Reached XP level 2. HP: 25/25 MP: 2/2
   409 | D:1      | Reached skill level 4 in Maces & Flails
   726 | D:1      | Reached ** piety under Trog
   963 | D:1      | Reached XP level 3. HP: 31/31 MP: 3/3
  1365 | D:2      | Reached skill level 5 in Maces & Flails
  1365 | D:2      | Reached XP level 4. HP: 37/37 MP: 4/4
  2183 | D:2      | Noticed an ogre
  2189 | D:2      | Killed an ogre
  2190 | D:2      | Reached skill level 6 in Maces & Flails
  2190 | D:2      | Reached XP level 5. HP: 32/43 MP: 5/5
  2565 | D:3      | Noticed Jessica
  2571 | D:3      | Killed Jessica
  2719 | D:3      | Reached *** piety under Trog
  2881 | D:3      | Noticed Grinder
  2905 | D:3      | Identified a scroll of acquirement
  2905 | D:3      | Acquired a manual of Fighting
  2907 | D:3      | Paralysed by Grinder for 6 turns
  2933 | D:3      | Killed Grinder
  2934 | D:3      | Reached skill level 7 in Maces & Flails
  2934 | D:3      | Reached XP level 6. HP: 13/50 MP: 6/6
  3315 | D:3      | Found a faded altar of an unknown god.
  3388 | D:3      | HP: 2/50 [poisoned by a scorpion]
  3390 | D:3      | Succumbed to a scorpion's poison

Illustrated notes

Levels and vault maps discovered:
D:1:      minmay_arrival_wavy_path, layout_basic, minivault_27,
          minmay_split_cup_large
D:2:      layout_loops_ring, eino_tiny_chamber, chequers_serial_rivers_small_a,
          minmay_rat_gold_closets
D:3:      layout_loops_cross, shapermc_ecumenical_altar_gd, feat_on_display,
          uniq_grinder, uniq_jessica

Skill      XL: |  1  2  3  4  5 |
---------------+----------------+-----
Maces & Flails | 4 5 6 7 |  7.9
Fighting       | |  3.3
Armour         | |  1.5
Dodging        | |  1.5

Action                   |  1- 3 |  4- 6 || total
-------------------------+-------+-------++-------
Melee: Mace              |    88 |   104 ||   192
       Tailslap          |     8 |     7 ||    15
Invok: Berserk           |     1 |     2 ||     3
       Trog's Hand       |       |     3 ||     3
  Use: Scroll            |       |     5 ||     5
       Potion            |       |     5 ||     5
Armor: Animal skin       |    11 |       ||    11
       Ring mail         |    24 |    45 ||    69
Dodge: Dodged            |    45 |    56 ||   101

Table legend: (Time is in decaauts)
 A = Elapsed time spent in this place.
 B = Non-inter-level travel time spent in this place.
 C = Inter-level travel time spent in this place.
 D = Time resting spent in this place.
 E = Time spent auto-exploring this place.
 F = Levels seen in this place.
 G = Mean time per level.
                   A        B        C        D        E       F      G
               +--------+--------+--------+--------+--------+-----+--------+
         Total |   3451 |   3393 |     58 |    408 |   2477 |   3 | 1150.3 |
       Dungeon |   3451 |   3393 |     58 |    408 |   2477 |   3 | 1150.3 |
               +--------+--------+--------+--------+--------+-----+--------+

Top non-repeatable levels by time:
     D:2: 1387 daAuts
     D:1: 1076 daAuts
     D:3: 987 daAuts
